 Dungeon Crawl Stone Soup version 0.30-a0-371-gad7725a93e (webtiles) character file.

Game seed: 10160001651401687152

1002 flotson the Trooper (level 8, -12/61 HPs)
             Began as a Demonspawn Delver on Nov 22, 2022.
             Was a Priest of Okawaru.
             Killed from afar by an acid dragon (27 damage)
             ... with a splash of acid
             ... on level 6 of the Dungeon.
             The game lasted 00:07:24 (4546 turns).

flotson the Trooper (Demonspawn Delver)             Turns: 4546, Time: 00:07:25

Health: -12/61     AC:  6    Str: 14    XL:     8   Next: 0%
Magic:  11/11      EV: 10    Int: 12    God:    Okawaru [***...]
Gold:   175        SH: 17    Dex: 18    Spells: 7/7 levels left

rFire   . . .      SeeInvis .    a - +1 spear (vorpal)
rCold   + . .      Faith    .    s - +0 tower shield
rNeg    + + .      Spirit   .    h - +3 scale mail of the Unseen Realm {rC+ rN++ Dex+3 Stlth-}
rPois   .          Reflect  .    (no helmet)
rElec   .          Harm     .    (no cloak)
rCorr   .          Rampage  .    F - +0 pair of gloves
Will    .....                    (no boots)
Stlth   +.........               (no amulet)
HPRegen 0.30/turn                z - +4 ring of protection
MPRegen 0.12/turn                o - +4 ring of slaying

@: corroded
A: repulsion field 2, spiny 2, condensation shield
a: Renounce Religion, Heroism


You were on level 6 of the Dungeon.
You worshipped Okawaru.
Okawaru was most pleased with you.
You visited 1 branch of the dungeon, and saw 6 of its levels.

You collected 175 gold pieces.

Inventory:

Hand Weapons
 a - a +1 vorpal spear (weapon)
Missiles
 E - 9 poisoned darts (quivered)
Armour
 h - the +3 scale mail of the Unseen Realm (worn) {rC+ rN++ Dex+3 Stlth-}
   (You found it on level 4 of the Dungeon)

   Dex:       It affects your dexterity (+3).
   rC:        It protects you from cold.
   rN:        It greatly protects you from negative energy.
   Stlth:     It makes you less stealthy.
 s - a +0 tower shield (worn)
 F - a +0 pair of gloves (worn)
Jewellery
 l - a ring of see invisible
 o - a +4 ring of slaying (right hand)
 v - a ring of poison resistance
 z - a +4 ring of protection (left hand)
 G - a ring of ice
 H - a +6 ring of strength
Wands
 g - a wand of digging (2)
 m - a wand of roots (8)
Scrolls
 b - a scroll of summoning {unknown}
 c - a scroll of fog
 d - 2 scrolls of magic mapping
 j - 4 scrolls of blinking {unknown}
 n - 4 scrolls of identify {unknown}
 p - 4 scrolls of teleportation {unknown}
 q - a scroll of brand weapon {unknown}
 u - 2 scrolls of enchant armour {unknown}
 x - a scroll of poison {unknown}
 y - a scroll of vulnerability {unknown}
 A - a scroll of silence {unknown}
 B - a scroll of noise {unknown}
 I - a scroll of amnesia {unknown}
Potions
 f - 2 potions of resistance
 i - 2 potions of lignification {unknown}
 k - 4 potions of curing {unknown}
 r - 3 potions of haste
 t - a potion of brilliance {unknown}
 w - 5 potions of heal wounds {unknown}
 C - 2 potions of flight {unknown}
 D - a potion of degeneration {unknown}


   Skills:
 + Level 4.7 Fighting
 - Level 1.7 Polearms
 + Level 2.7 Throwing
 + Level 3.0 Armour
 + Level 3.6 Dodging
 - Level 4.5 Stealth
 + Level 2.8 Shields
 + Level 4.0 Invocations
 + Level 3.3 Evocations


You had 7 spell levels left.
You didn't know any spells.
Your spell library contained the following spells:

 Spells                   Type           Power      Damage    Failure   Level
 Freeze                   Ice            0%         1d3       100%        1
 Dazzling Flash           Conj/Hex       0%         N/A       100%        3
 Frozen Ramparts          Ice            0%         1d1       100%        3
 Hailstorm                Conj/Ice       0%         3d3       100%        3
 Ozocubu's Armour         Ice            0%         N/A       100%        3
 Iskenderun's Mystic Bla  Conj/Tloc      0%         2d3       100%        4
 Metabolic Englaciation   Hex/Ice        0%         N/A       100%        5
 Starburst                Conj/Fire      0%         6d3       100%        6
 Simulacrum               Ice/Necr       Unusable   N/A       N/A         6

Dungeon Overview and Level Annotations

Branches:
Dungeon (6/15)
 Temple: D:4-7

Altars:
Hepliaklqana
Kikubaaqudgha
Nemelex Xobeh
Okawaru
Qazlal
Ru
Sif Muna
Trog
Wu Jian

Annotations:
D:6 Blork the orc, Dowan, Duvessa


Innate Abilities, Weirdness & Mutations

You are surrounded by a moderate repulsion field. (EV +3)
You are mostly covered in sharp spines.
A meltable shield of frost defends you. (SH +4)


Message History

You block the centaur's attack.
You are too injured to fight recklessly!
Unknown command.
You are too injured to fight recklessly!
Unknown command.
As you read the scroll of fear, it crumbles to dust.
You assume a fearsome visage.
The centaur looks frightened!
The acid dragon looks frightened!
The centaur starts to cry.
The centaur wields a +0 shortbow.
The centaur shoots an arrow.
You block the arrow.
The centaur shoots an arrow.
You block the arrow.
The centaur shoots an arrow.
The arrow closely misses you.
The centaur shoots an arrow.
You block the arrow.
The centaur shoots an arrow.
You block the arrow.
The centaur shoots an arrow.
You block the arrow.
You open the door.
Blork the orc, Duvessa, Dowan and 2 ice beasts come into view.
Blork the orc is wielding a +2 trident of venom.
Duvessa is wielding a +0 short sword and wearing a +0 leather armour of positive energy.
Dowan is wielding a +0 dagger of speed and wearing a +2 robe of willpower.
Blork the orc shouts!
Duvessa shouts!
The centaur shoots an arrow.
The arrow hits you.
* * * LOW HITPOINT WARNING * * *
Dowan gestures at you while chanting. You resist with some effort.
Duvessa drinks a potion.
Duvessa suddenly seems more resistant.
The centaur shoots an arrow.
The arrow barely misses you.
Found a scroll labelled RIDDIE MURELU and a scroll labelled ISOGHA XALURGH.
As you read the scroll of fear, it crumbles to dust.
You assume a fearsome visage.
Blork the orc looks frightened!
Duvessa easily resists.
Dowan looks frightened!
The ice beast looks frightened! x2
The acid dragon seems to regain its courage.
The centaur shoots an arrow.
You block the arrow.
Dowan mumbles some strange words.
Dowan blinks!
Unknown command.
Dowan gestures wildly while chanting.
Dowan blinks!
The acid dragon spits acid at you. The splash of acid hits you!!
You die...

.# #.. .# #.# ###
.##### #.# .c# .....#
##+# #.# #># # .....#
#..Y# #.# #†# .#
.....# ...o.#
#.###.##.# .....#
.Y....# ##........#
.....##
§......####...c....##
......+
.......@.....D.....#
...####
.......####........##
#..# ...?.e#
##........# ##.#
....e# ##......## #.#
#.§.# #.#....# #.#
##+# #.#..#.## ##.#
#.# #.......# ...##
#.# #######.# ....#
###.#### #.#


You could see Duvessa (resistant), Blork the orc (fleeing), an acid dragon
(catching breath), 2 ice beasts, Dowan (fleeing) and a centaur.

Vanquished Creatures
  A water moccasin (D:6)
  3 black bears
  A centaur (D:6)
  A phantom (D:6)
  A necrophage (D:4)
  2 scorpions
  A jelly (D:6)
  2 hounds (D:6)
  An iguana (D:5)
  2 orc wizards (D:5)
  4 gnolls (D:6)
  3 adders (D:4)
  3 dart slugs
  4 orcs
  9 ball pythons
  6 endoplasms
  A giant cockroach (D:2)
  4 goblins
  7 hobgoblins
  2 jackals (D:2)
  10 kobolds
  5 quokkas
  8 bats
  3 frilled lizards
  2 rats
86 creatures vanquished.

Vanquished Creatures (others)
  5 plants (D:3)
5 creatures vanquished.

Grand Total: 91 creatures vanquished

Notes
Turn   | Place    | Note
-------+----------+-------------------------------------------
     0 | D:5      | flotson the Demonspawn Delver began the quest for the Orb.
     0 | D:5      | Reached XP level 1. HP: 18/18 MP: 1/1
    38 | D:5      | Found an iron altar of Okawaru.
    69 | D:5      | Noticed an iguana
    79 | D:5      | Became a worshipper of Warmaster Okawaru
   180 | D:5      | Found a shimmering blue altar of Sif Muna.
   218 | D:4      | Noticed a scorpion
   292 | D:3      | Found an ornate altar of the Wu Jian Council.
   354 | D:2      | Gained mutation: You are partially covered in sharp spines.
                  | [demonic ancestry]
   354 | D:2      | Reached XP level 2. HP: 24/24 MP: 2/2
   486 | D:1      | Reached skill level 1 in Evocations
   871 | D:1      | Reached skill level 1 in Armour
   941 | D:2      | Gained mutation: You are surrounded by a mild repulsion
                  | field. (EV +2) [demonic ancestry]
   941 | D:2      | Reached XP level 3. HP: 29/29 MP: 3/3
  2024 | D:3      | Found a hazy altar of Hepliaklqana.
  2277 | D:4      | Reached skill level 1 in Shields
  2277 | D:4      | Gained mutation: A meltable shield of frost defends you.
                  | (SH +4) [demonic ancestry]
  2277 | D:4      | Reached XP level 4. HP: 35/35 MP: 4/4
  2376 | D:4      | Noticed a necrophage
  2395 | D:4      | Killed a necrophage
  2396 | D:4      | Reached skill level 1 in Invocations
  2429 | D:4      | Found a stormy altar of Qazlal.
  2563 | D:4      | Reached XP level 5. HP: 42/42 MP: 5/5
  2680 | D:4      | Identified the +3 scale mail of the Unseen Realm {rC+ rN++
                  | Dex+3 Stlth-}
  2895 | D:4      | Reached * piety under Okawaru
  2896 | D:4      | Reached skill level 1 in Throwing
  2907 | D:4      | Found an ancient bone altar of Kikubaaqudgha.
  2916 | D:4      | Found a bloodstained altar of Trog.
  3224 | D:5      | Noticed a black bear
  3232 | D:5      | Killed a black bear
  3233 | D:5      | Gained mutation: You are mostly covered in sharp spines.
                  | [demonic ancestry]
  3233 | D:5      | Reached XP level 6. HP: 43/48 MP: 7/7
  3436 | D:5      | Reached ** piety under Okawaru
  3733 | D:6      | Noticed a water moccasin
  3740 | D:6      | Killed a water moccasin
  3741 | D:6      | Reached XP level 7. HP: 46/54 MP: 7/9
  4084 | D:6      | Found a sparkling altar of Nemelex Xobeh.
  4085 | D:6      | Found a sacrificial altar of Ru.
  4531 | D:6      | Reached *** piety under Okawaru
  4532 | D:6      | Gained mutation: You are surrounded by a moderate repulsion
                  | field. (EV +3) [demonic ancestry]
  4532 | D:6      | Reached XP level 8. HP: 58/61 MP: 9/11
  4544 | D:6      | Noticed Blork the orc
  4544 | D:6      | Noticed Duvessa
  4544 | D:6      | Noticed Dowan
  4546 | D:6      | Killed from afar by an acid dragon

Illustrated notes

Levels and vault maps discovered:
D:1:      dpeg_arrival_round_a, layout_basic, minmay_pentomino_p2
D:2:      layout_loops_ring
D:3:      minmay_spotlight, layout_basic, mainiacjoe_overflow_brackets,
          nicolae_hepliaklqana_hazy_memory, dreamdust_princess_bridge,
          minmay_tree_intersection, st_stairs_6, corexii_leaking_fountain
D:4:      layout_cave_pods, nicolae_qazlal_general_emergency,
          amethyst_overflow_temple_binary
D:5:      layout_rooms, okawaru_metal_pillars_1_2, mainiacjoe_overflow_catwalk,
          led_sif_book, kennysheep_generic_room_8
D:6:      black_bear_nest_2, layout_loops_corners,
          mainiacjoe_overflow_divided_tiny, uniq_blork_the_orc, uniq_duvessa

Skill      XL: |  1  2  3  4  5  6  7 |
---------------+----------------------+-----
Dodging        | 2 3 |  3.6
Evocations     | 1 2 3 |  3.3
Armour         | 1 2 3 |  3.0
Shields        | 1 2 |  2.8
Invocations    | 1 2 3 4 |  4.0
Throwing       | 1 2 |  2.7
Fighting       | 4 |  4.7
Polearms       | |  1.7
Stealth        | |  4.5

Action                   |  1- 3 |  4- 6 |  7- 9 || total
-------------------------+-------+-------+-------++-------
Melee: Spear             |    94 |    94 |    51 ||   239
       Punch             |     1 |       |       ||     1
Evoke: Wand              |       |       |     1 ||     1
  Use: Potion            |     1 |       |       ||     1
       Scroll            |       |       |     2 ||     2
 Stab: Sleeping          |    11 |       |       ||    11
Armor: Leather armour    |     8 |       |       ||     8
       Ring mail         |     8 |     6 |       ||    14
       Scale mail        |       |    16 |    22 ||    38
Dodge: Dodged            |    25 |    17 |    28 ||    70
Block: Tower shield      |    22 |    81 |    62 ||   165

Table legend: (Time is in decaauts)
 A = Elapsed time spent in this place.
 B = Non-inter-level travel time spent in this place.
 C = Inter-level travel time spent in this place.
 D = Time resting spent in this place.
 E = Time spent auto-exploring this place.
 F = Levels seen in this place.
 G = Mean time per level.
                   A        B        C        D        E       F      G
               +--------+--------+--------+--------+--------+-----+--------+
         Total |   4615 |   4460 |    155 |    193 |   3465 |   6 |  769.2 |
       Dungeon |   4615 |   4460 |    155 |    193 |   3465 |   6 |  769.2 |
               +--------+--------+--------+--------+--------+-----+--------+

Top non-repeatable levels by time:
     D:5: 1041 daAuts
     D:3: 873 daAuts
     D:4: 778 daAuts
     D:6: 771 daAuts
     D:2: 581 daAuts
     D:1: 568 daAuts
